 Dungeon Crawl Stone Soup version 0.21-a0-286-g6fcecc0 (webtiles) character file.

441 saxguy the Ruffian (level 6, 0/61 HPs)
             Began as a Troll Monk on Sept 26, 2017.
             Slain by a troll (3 damage)
             ... on level 4 of the Dungeon.
             The game lasted 00:06:32 (3396 turns).

saxguy the Ruffian (Troll Monk)                     Turns: 3396, Time: 00:06:33

Health: 0/61       AC:  5    Str: 22    XL:     6   Next: 70%
Magic:  5/5        EV:  8    Int:  6    God:
Gold:   186        SH:  9    Dex: 12    Spells: 5/5 levels left

rFire    . . .     SeeInvis .     - Unarmed
rCold    . . .     Gourm    +   c - +0 shield
rNeg     . . .     Faith    .   a - +0 robe
rPois    .         Spirit   .   (helmet restricted)
rElec    .         Reflect  .   (no cloak)
rCorr    .         Harm     .   (gloves unavailable)
MR       .....                  (boots unavailable)
Stlth    ++........             (no amulet)
HPRegen  0.60/turn              (no ring)
MPRegen  0.09/turn              (no ring)

@: flying
A: unfitting armour, claws 3, fast metabolism 3, gourmand, regeneration 1,
shaggy fur 1, tough skin 2
a: no special abilities


You were on level 4 of the Dungeon.
You were not hungry.

You visited 1 branch of the dungeon, and saw 5 of its levels.

You collected 186 gold pieces.

Inventory:

Armour
 a - a +0 robe (worn)
 c - a +0 shield (worn)
Jewellery
 w - a +6 ring of strength {unknown}
Wands
 p - a wand of iceblast (8/15)
Scrolls
 d - a scroll of fog {unknown}
 e - a scroll of recharging {unknown}
 f - a scroll of fear {unknown}
 g - a scroll of noise {unknown}
 i - 4 scrolls of identify {unknown}
 k - 2 scrolls of remove curse {unknown}
 l - a scroll of teleportation {unknown}
 r - a scroll of amnesia {unknown}
 u - a scroll of magic mapping {unknown}
 x - a scroll of enchant weapon {unknown}
 y - a scroll of blinking {unknown}
Potions
 h - 2 potions of resistance {unknown}
 n - 3 potions of heal wounds {unknown}
 o - a potion of might {unknown}
 q - a potion of flight
 z - 2 potions of curing {unknown}
 A - a potion of brilliance {unknown}
Books
 m - a book of Misfortune

   Spells                             Type                      Level
   a - Confusing Touch                Hexes                        1
   b - Confuse                        Hexes                        3
   c - Gell's Gravitas                Translocation                3
   d - Petrify                        Transmutation/Earth          4
   e - Metabolic Englaciation         Hexes/Ice                    5
   f - Yara's Violent Unravelling     Hexes/Transmutation          5
 v - a book of Callings

   Spells                             Type                      Level
   a - Summon Small Mammal            Summoning                    1
   b - Call Imp                       Summoning                    2
   c - Call Canine Familiar           Summoning                    3
   d - Summon Guardian Golem          Hexes/Summoning              3
   e - Summon Lightning Spire         Summoning/Air                4
   f - Summon Ice Beast               Ice/Summoning                4
Comestibles
 b - 6 bread rations
 j - a royal jelly
 s - 2 fruits
 t - 2 meat rations


   Skills:
 + Level 3.3 Fighting
 - Level 2.4 Dodging
 - Level 1.0 Stealth
 * Level 3.2 Shields
 * Level 5.7 Unarmed Combat


You had 5 spell levels left.
You didn't know any spells.

Dungeon Overview and Level Annotations

Branches:
Dungeon (5/15)
 Temple: D:4-7

Altars:
Gozag
Nemelex Xobeh
Wu Jian


Innate Abilities, Weirdness & Mutations

You are too large for most types of armour.
You have claws for hands.
Your metabolism is lightning-fast.
You like to eat raw meat.
Your natural rate of healing is unusually fast.
You are covered in fur. (AC +1)
You have very tough skin. (AC +2)


Message History

You claw the troll!
The troll is moderately wounded.
The troll closely misses you. You block the troll's attack.
The troll claws you but does no damage.
You claw the troll!
The troll is severely wounded.
The troll barely misses you. The troll claws you but does no damage.
You block the troll's attack.
You barely miss the troll.
The troll is severely wounded.
The troll bites you!! The troll claws you!
* * * LOW HITPOINT WARNING * * *
The troll claws you but does no damage.
Unknown command.
It was a potion of flight.
You feel very buoyant.
You fly up into the air.
The troll bites you!
* * * LOW HITPOINT WARNING * * *
The troll claws you.
You die...

#...........#...#.......#......
#...........#...+.......#......
#...........#...#.......#......
#...........#...#.......#..##.#
#......######...##.....##..##.#
#.<....#....#....'.....#.......
#......#....#....#.....#.......
#).....#....'.T..#.....#.......
#......#....#.@..#.....#.......
#......#...#######.....'.......
#......#...#...........#...##..
#......#...#...........#...###'
#......#####......######...##..
######............#....#.......
#............#....#..###..
#............#....#..#⌠#..
#......#######....#..###..


You could see a troll.

Vanquished Creatures
  A sky beast (D:5)
  A howler monkey (D:4)
  A crimson imp (D:5)
  3 iguanas (D:4)
  3 worker ants
  2 adders
  An adder skeleton (D:4)
  5 worms
  2 dart slugs
  12 orcs
  7 bats
  4 giant cockroaches
  4 goblins
  10 hobgoblins
  4 jackals
  10 kobolds
  3 quokkas
  3 ball pythons
  A frilled lizard (D:2)
  9 rats
86 creatures vanquished.

Notes
Turn   | Place    | Note
-------+----------+-------------------------------------------
     0 | D:1      | saxguy the Troll Monk began the quest for the Orb.
     0 | D:1      | Reached XP level 1. HP: 22/22 MP: 0/0
   326 | D:1      | Reached XP level 2. HP: 27/29 MP: 1/1
   927 | D:2      | Reached XP level 3. HP: 36/36 MP: 2/2
   955 | D:2      | Reached skill level 4 in Unarmed Combat
   967 | D:2      | Reached skill level 1 in Shields
  1130 | D:2      | Found a faded altar of an unknown god.
  1494 | D:3      | Reached XP level 4. HP: 36/44 MP: 3/3
  1811 | D:3      | Found an ornate altar of the Wu Jian Council.
  2111 | D:4      | Reached XP level 5. HP: 41/52 MP: 4/4
  2233 | D:4      | Found a sparkling altar of Nemelex Xobeh.
  2263 | D:4      | Reached skill level 5 in Unarmed Combat
  2620 | D:4      | Found an opulent altar of Gozag.
  2759 | D:4      | Reached XP level 6. HP: 39/61 MP: 5/5
  3096 | D:5      | Entered Level 5 of the Dungeon
  3237 | D:5      | Noticed a sky beast
  3241 | D:5      | Killed a sky beast
  3356 | D:5      | Noticed a troll
  3396 | D:4      | HP: 3/61 [troll (9)]
  3396 | D:4      | Slain by a troll

Vault maps used:
D:1:      onia_arrival_mini_maze_b
D:2:      chequers_ecumenical_altar_island
D:3:      nicolae_overflow_crystal_walls
D:4:      nicolae_gozag_seed_capital, nemelex_xobeh_ov_fountains_minmay,
          feat_on_display
D:5:      lemuel_ratsnest, first_bread

Skill      XL: |  1  2  3  4  5  6 |
---------------+-------------------+-----
Unarmed Combat | 4 5 |  5.7
Shields        | 1 2 3 |  3.2
Fighting       | 3 |  3.3
Dodging        | |  2.4
Stealth        | |  1.0

Action                   |  1- 3 |  4- 6 || total
-------------------------+-------+-------++-------
Melee: Unarmed           |    90 |   111 ||   201
  Use: Potion            |       |     1 ||     1
 Stab: Sleeping          |     3 |     3 ||     6
  Eat: Chunk             |    14 |    17 ||    31
Armor: Robe              |    22 |    25 ||    47
Dodge: Dodged            |    30 |    27 ||    57
Block: Shield            |    19 |    39 ||    58

Table legend:
 A = Spawn XP
 B = Non-spawn XP
 C = Spawn XP percentage of total XP
 D = Spawn monster count
 E = Non-spawn monster count
 F = Spawn count percentage of total count
 G = Total turns spent on level
                    A         B        C        D         E        F      G
               +---------+---------+-------+---------+---------+-------+---------
         Total |       0 |     630 |   0.0 |       0 |      86 |   0.0 |  3396
               +---------+---------+-------+---------+---------+-------+---------
           D:1 |       0 |      37 |   0.0 |       0 |      23 |   0.0 |   915
           D:2 |       0 |      40 |   0.0 |       0 |      16 |   0.0 |   545
           D:3 |       0 |      74 |   0.0 |       0 |      28 |   0.0 |   600
           D:4 |       0 |     269 |   0.0 |       0 |      15 |   0.0 |  1051
           D:5 |       0 |     210 |   0.0 |       0 |       4 |   0.0 |   285
               +---------+---------+-------+---------+---------+-------+---------
